 Dungeon Crawl Stone Soup version 0.31-a0-920-g28cbb04a8c (webtiles) character file.

Game seed: 4828645193519115037

398430 Xavori the Imperceptible (level 22, 0/162 HPs)
             Began as an Octopode Chaos Knight on Oct 17, 2023.
             Was a Favourite Plaything of Xom.
             Slain by a spectral iron giant (6 damage)
             ... called from beyond by a revenant
             ... while petrified by an ancient lich
             ... on level 2 of the Crypt.
             The game lasted 01:10:12 (45566 turns).

Xavori the Imperceptible (Octopode Chaos Knight)   Turns: 45566, Time: 01:10:14

Health: 0/162      AC: 13    Str: 16    XL:     22   Next: 89%
Magic:  28/28      EV:  2    Int: 16    God:    Xom [....*.]
Gold:   3980       SH:  0    Dex: 28    Spells: 27/29 levels left

rFire   + + .        F - +6 quick blade (flame)
rCold   + . .        r - +1 kite shield {rC+}
rNeg    + + +        f - +2 hat
rPois   ∞            a - amulet of regeneration
rElec   +            d - +4 ring of protection
rCorr   +            t - ring of protection from fire
SInv    .            u - +4 ring of slaying
Will    +....        A - ring of Xicao {rElec rF+ rCorr EV+5 Stlth+} Stlth **++++++++
                     g - ring of Yteczaxt {Fly rCorr Dex+4 Slay+3}
HPRegen 1.27/turn    K - ring of positive energy
MPRegen 0.21/turn    U - ring "Xudduv" {rElec rCorr Int+4 Slay+5}
                     o - +4 ring of protection

%: no passive effects
@: about to teleport, petrified, flying
A: almost no armour, amphibious, 8 rings, camouflage 1, gelatinous body 1,
(nimble swimmer 1), tentacles, antennae 1, fangs 1, tentacle spike 3, iridescent
scales 1, agile 1, passive freeze, sense surroundings 1, screaming 1, strong 1,
evolution 1, MP-powered wands
}: 3/15 runes: decaying, silver, gossamer
a: Renounce Religion


You were on level 2 of the Crypt.
You worshipped Xom.
You were a beloved toy of Xom.
You visited 8 branches of the dungeon, and saw 39 of its levels.
You also visited: Ossuary and Ice Cave.

You collected 6198 gold pieces.
You spent 2218 gold pieces at shops.

Inventory:

Hand Weapons
 F - a +6 quick blade of flaming (weapon)
Armour
 f - a +2 hat (worn)
 r - a +1 kite shield of cold resistance (worn)
 I - a +3 kite shield of protection
Jewellery
 a - an amulet of regeneration (around mantle)
 d - a +4 ring of protection (left tentacle)
 g - the ring of Yteczaxt (on tentacle) {Fly rCorr Dex+4 Slay+3}
   (You found it on level 2 of the Swamp)

   [ring of flight]

   Dex+4:     It affects your dexterity (+4).
   Slay+3:    It affects your accuracy & damage with ranged weapons and melee
   (+3).
   Fly:       It grants you flight.
   rCorr:     It protects you from acid and corrosion.
 o - a +4 ring of protection (on tentacle)
 p - the amulet of Elemental Vulnerability {rPois rF-- rC-- AC+8}
   (You found it on level 12 of the Dungeon)

   [amulet of nothing]

   AC+8:      It affects your AC (+8).
   rF--:      It makes you very vulnerable to fire.
   rC--:      It makes you very vulnerable to cold.
   rPois:     It protects you from poison
 t - a ring of protection from fire (right tentacle)
 u - a +4 ring of slaying (on tentacle)
 z - a ring of poison resistance
 A - the ring of Xicao (on tentacle) {rElec rF+ rCorr EV+5 Stlth+}
   (You found it on level 7 of the Dungeon)

   [ring of evasion]

   EV+5:      It affects your evasion (+5).
   rF+:       It protects you from fire.
   rElec:     It insulates you from electricity.
   rCorr:     It protects you from acid and corrosion.
   Stlth+:    It makes you more stealthy.
 K - a ring of positive energy (on tentacle)
 U - the ring "Xudduv" (on tentacle) {rElec rCorr Int+4 Slay+5}
   (You found it on level 5 of the Lair of Beasts)

   [ring of resist corrosion]

   Int+4:     It affects your intelligence (+4).
   Slay+5:    It affects your accuracy & damage with ranged weapons and melee
   (+5).
   rElec:     It insulates you from electricity.
   rCorr:     It protects you from acid and corrosion.
 V - the amulet "Wikuro" {Spirit rC+ rN+ Dex+3}
   (You took it off a deep elf high priest on level 5 of the Vaults)

   [amulet of guardian spirit]

   Spirit:    It causes incoming damage to be divided between your reserves of
   health and magic.
   Dex+3:     It affects your dexterity (+3).
   rC+:       It protects you from cold.
   rN+:       It protects you from negative energy.
 W - a ring of flight
Talismans
 c - a granite talisman
Wands
 n - a wand of roots (29)
 x - a wand of mindburst (12)
 y - a wand of paralysis (29)
 E - a wand of flame (53)
 Q - a wand of acid (43)
 S - a wand of polymorph (18)
 Y - a wand of digging (17)
Scrolls
 b - a scroll of butterflies
 h - 8 scrolls of poison
 i - 7 scrolls of revelation
 j - 4 scrolls of fog
 k - 21 scrolls of teleportation
 m - 7 scrolls of summoning
 G - 3 scrolls of silence
 M - 4 scrolls of brand weapon
 X - 4 scrolls of enchant armour
 Z - 2 scrolls of fear
Potions
 e - 7 potions of heal wounds
 l - 6 potions of mutation
 q - 11 potions of haste
 s - 5 potions of magic
 v - 18 potions of curing
 w - 6 potions of ambrosia
 C - 9 potions of might
 H - 10 potions of brilliance
 J - a potion of enlightenment
 L - 2 potions of invisibility
 N - 4 potions of resistance
 O - a potion of berserk rage
 R - 5 potions of cancellation
Miscellaneous
 B - a phial of floods
 D - a box of beasts
 P - a lightning rod (3/4)


   Skills:
 - Level 16.6 Fighting
 - Level 17.1 Short Blades
 - Level 19.2 Dodging
 - Level 25.5 Stealth
 - Level 19.0 Shields
 - Level 4.4 Spellcasting
 - Level 4.7 Transmutations
 - Level 4.5 Earth Magic
 - Level 9.0 Evocations
 * Level 7.2 Shapeshifting


You had 27 spell levels left.
You knew the following spells:

 Your Spells              Type           Power      Damage    Failure   Level
a - Passwall              Tmut/Erth      15%        N/A       5%          2

Your spell library contained the following spells:

 Spells                   Type           Power      Damage    Failure   Level
 Wereblood                Tmut           18%        N/A       4%          2
 Sting                    Tmut/Pois      44%        1d5       9%          1
 Foxfire                  Conj/Fire      12%        2x1d4     22%         1
 Freeze                   Ice            12%        1d3       22%         1
 Kiss of Death            Conj/Necr      12%        2d6       22%         1
 Magic Dart               Conj           12%        1d3       22%         1
 Shock                    Conj/Air       12%        1d3       22%         1
 Stone Arrow              Conj/Erth      20%        3d8       26%         3
 Call Imp                 Summ           6%         N/A       34%         2
 Cigotuvi's Dreadful Rot  Necr/Pois/Air  6%         N/A       34%         2
 Ensorcelled Hibernation  Hex/Ice        6%         N/A       34%         2
 Momentum Strike          Conj/Tloc      6%         3d8       34%         2
 Poisonous Vapours        Pois/Air       6%         N/A       34%         2
 Static Discharge         Conj/Air       6%         2-3/arc   34%         2
 Petrify                  Tmut/Erth      18%        N/A       34%         4
 Ignite Poison            Fire/Tmut/Pois 8%         N/A       36%         3
 Call Canine Familiar     Summ           3%         N/A       56%         3
 Frozen Ramparts          Ice            6%         1d1       56%         3
 Hailstorm                Conj/Ice       3%         3d3       56%         3
 Inner Flame              Hex/Fire       3%         N/A       56%         3
 Mephitic Cloud           Conj/Pois/Air  3%         N/A       56%         3
 Ozocubu's Armour         Ice            3%         N/A       56%         3
 Sigil of Binding         Hex            3%         N/A       56%         3
 Summon Guardian Golem    Hex/Summ       3%         N/A       56%         3
 Swiftness                Air            3%         N/A       56%         3
 Tukima's Dance           Hex            3%         N/A       56%         3
 Volatile Blastmotes      Fire/Tloc      6%         2d10      56%         3
 Leda's Liquefaction      Hex/Erth       5%         N/A       65%         4
 Lee's Rapid Deconstruct  Erth           9%         3d7*      69%         5
 Airstrike                Air            1%         2d(1-17)  92%         4
 Dimensional Bullseye     Hex/Tloc       1%         N/A       92%         4
 Flame Wave               Conj/Fire      3%         2d5       92%         4
 Fulminant Prism          Conj/Hex       1%         3d5       92%         4
 Iskenderun's Mystic Bla  Conj/Tloc      3%         2d3       92%         4
 Olgreb's Toxic Radiance  Pois           3%         N/A       92%         4
 Passage of Golubria      Tloc           3%         N/A       92%         4
 Sticky Flame             Conj/Fire      3%         2d3       92%         4
 Summon Ice Beast         Ice/Summ       3%         N/A       92%         4
 Summon Lightning Spire   Summ/Air       3%         N/A       92%         4
 Vhi's Electric Charge    Tloc/Air       6%         N/A       92%         4
 Yara's Violent Unravell  Hex/Tmut       5%         3d4       94%         5
 Arcjolt                  Conj/Air       1%         1d11      99%         5
 Freezing Cloud           Conj/Ice/Air   1%         6-21      99%         5
 Summon Mana Viper        Hex/Summ       3%         N/A       99%         5
 Bombard                  Conj/Erth      5%         9d2       100%        6
 Conjure Ball Lightning   Conj/Air       1%         3x3d6     100%        6
 Death Channel            Necr           1%         N/A       100%        6
 Plasma Beam              Fire/Air       1%         2x1d11    100%        6
 Simulacrum               Ice/Necr       1%         N/A       100%        6
 Haunt                    Necr/Summ      1%         N/A       100%        7
 Monstrous Menagerie      Summ           1%         N/A       100%        7
 Orb of Destruction       Conj           1%         9d5       100%        7
 Ozocubu's Refrigeration  Ice            1%         4d7       100%        7
 Spellforged Servitor     Conj/Summ      1%         N/A       100%        7
 Discord                  Hex            1%         N/A       100%        8
 Disjunction              Tloc           1%         N/A       100%        8
 Ignition                 Fire           1%         3d3       100%        8
 Lehudib's Crystal Spear  Conj/Erth      5%         10d3      100%        8
 Maxwell's Capacitive Co  Air            1%         ∞         100%        8
 Fire Storm               Conj/Fire      1%         8d1       100%        9
 Polar Vortex             Ice            1%         N/A       100%        9
 Animate Armour           Summ/Erth      Unusable   N/A       N/A         4

Dungeon Overview and Level Annotations

Branches:
Dungeon (15/15)            Temple (0/1) D:5            Lair (5/5) D:10
  Swamp (4/4) Lair:3       Spider (4/4) Lair:2        Slime (0/5) Lair:5
    Orc (2/2) D:10            Elf (2/3) Orc:2        Vaults (5/5) D:14
  Crypt (2/3) Vaults:3     Depths (0/4) D:15        Ossuary (visited)
  IceCv (visited)

Altars:
Makhleb
Nemelex Xobeh
Sif Muna
Trog
Uskayaw
Vehumet
Xom
Yredelemnul
Zin
The Shining One
Jiyva

Shops:
D:5 :   D:7 !((   D:9 [   D:14 *   Orc:1 *   Orc:2 *!:(   Elf:1 *(   Vaults:3 (
Vaults:4 !

Annotations:
Elf:2 9 runed translucent doors


Innate Abilities, Weirdness & Mutations

You cannot wear most types of armour.
You are amphibious.
You can wear up to eight rings at the same time.
Your skin changes colour to match your surroundings (Stealth+).
Your rubbery body absorbs attacks. (AC +1, EV +1)
((You are camouflaged when in or above water. (Stealth+)))
You have tentacles for arms and can constrict up to eight enemies at once.
You have a pair of small antennae on your head.
You have very sharp teeth.
One of your tentacles bears a large vicious spike.
You are partially covered in iridescent scales. (AC +2)
You are agile. (Dex +4, Str/Int -1)
A frigid envelope surrounds you and freezes all who hurt you.
You passively map a small area around you.
You occasionally shout uncontrollably at your foes.
Your muscles are strong. (Str +4, Int/Dex -1)
You have hidden genetic potential.
You expend magic power (3 MP) to strengthen your wands.


Message History

A death knight opens the door.
A vampire knight breaks down the door.
The deep elf death mage beckons forth a restless soul!
Something touches you!
You are engulfed in spectral mist.
You constrict the ancient champion.
The hell beast is engulfed in spectral mist.
The spectral swamp dragon bites you!
The spectral swamp dragon resists.
The spectral swamp dragon is very cold.
The spectral swamp dragon is lightly damaged.
The spectral swamp dragon claws you.
* * * LOW HITPOINT WARNING * * *
The spectral swamp dragon completely resists.
The spectral swamp dragon tramples you.
You hold your ground!
The spectral swamp dragon resists.
The spectral swamp dragon is very cold.
The spectral swamp dragon is lightly damaged.
The ancient champion casts a spell at you.
The iron shot hits you!
* * * LOW HITPOINT WARNING * * *
The spectral iron giant hits you!!!
* * * LOW HITPOINT WARNING * * *
The spectral iron giant completely resists.
The eidolon hits you but does no damage.
The eidolon hits you!
* * * LOW HITPOINT WARNING * * *
The eidolon completely resists.
A vampire knight breaks down the door.
Something touches you but does no damage.
You are engulfed in spectral mist.
You constrict the ancient champion.
The ancient champion hits you with a +3 heavy battleaxe!!
* * * LOW HITPOINT WARNING * * *
The ancient champion resists.
The ancient champion is very cold.
The ancient champion is heavily damaged.
The spectral swamp dragon bites you but does no damage.
The spectral swamp dragon resists.
The spectral swamp dragon is very cold.
The spectral swamp dragon is lightly damaged.
The spectral swamp dragon claws you but does no damage.
The spectral swamp dragon resists.
The spectral swamp dragon is very cold.
The spectral swamp dragon is lightly damaged.
The spectral swamp dragon barely misses you.
The spectral iron giant hits you!
You die...
Xom guffaws!

.#........<..........[...........
'#...............................
......................?..........
.................................
.................................
.................................
.......?''''''○§'○...............
........'++++'z{+°...............
#'#.....' +''1Wz@Z○..............
..#.....' +$:WLL{Z○..............
..#.....' +:e2zW2'...............
..#.....'++[.*WV''...............
..#.....' +.*./p+'...............
..#.....' ++''+++'...............
###.....'


++++ +'............... ........''''''''''...............
................................. You could see a Hell Sentinel (summoned), a
dread lich, a cacodemon (summoned), a hell beast (summoned), 2 revenants, a
death knight (reflects damage), a lich, a vampire knight, 3 eidola, an ancient
champion (fast), a deep elf death mage, a spectral swamp dragon (summoned), a
spectral iron giant (summoned), a wraith and 2 lost souls.

Vanquished Creatures
  An ancient lich (Vaults:5)
  2 golden dragons (Vaults:5)
  Arachne (Spider:4)
  5 tentacled monstrosities
  Zenata (Vaults:3)
  Rupert (D:15)
  2 liches
  A quicksilver dragon (Vaults:5)
  Asterion (Vaults:3)
  4 titans (Vaults:5)
  3 sphinxes
  Gastronok (Lair:2)
  2 ancient champions (Crypt:2)
  2 storm dragons (Vaults:5)
  5 tengu reavers
  3 shadow dragons (Vaults:5)
  3 revenants
  A deep elf sorcerer (Elf:1)
  2 fire giants (Vaults:5)
  A frost giant (Elf:2)
  An iron dragon (Vaults:5)
  11 vault wardens
  The ghost of lessens the Blocker, a journeyman GnFi of Gozag (D:14)
  4 ghost moths
  2 emperor scorpions
  2 deep elf elementalists
  A curse skull (Crypt:2)
  2 ghouls (Crypt:1)
  3 stone giants
  2 orc warlords (Orc:2)
  A spriggan defender (Swamp:2)
  11 ironbound preservers
  The ghost of GigaChad the Cleaver, a journeyman KoFi of Gozag (Swamp:2)
  4 broodmothers (Spider:4)
  6 very ugly things
  A war gargoyle (Vaults:4)
  5 ironbound thunderhulks
  2 deep elf demonologists
  2 eleionomae
  4 vampire knights
  A deep elf annihilator (D:13)
  3 spark wasps
  20 dire elephants
  A white draconian (IceCv)
  A bunyip (Swamp:4)
  3 eidola (Crypt:2)
  Snorg (D:11)
  A crystal guardian (Vaults:4)
  6 ettins
  3 deep elf death magi
  3 jiangshi (Crypt:2)
  11 yaktaur captains
  2 green deaths (Swamp:4)
  A fire dragon (Elf:2)
  2 shambling mangroves (Swamp:2)
  33 vault guards
  2 deep elf high priests
  7 entropy weavers
  Josephine (D:12)
  8 great orbs of eyes
  A hell beast (Swamp:4)
  4 peacekeepers
  2 spriggan air magi
  15 hydras
  2 ogre magi
  5 radroaches
  A ghost crab (Swamp:1)
  2 jorogumos
  A death knight (Crypt:1)
  3 catoblepae (Lair:5)
  10 centaur warriors
  A two-headed ogre (shapeshifter) (Vaults:5)
  10 alligators
  An anaconda (shapeshifter) (Vaults:5)
  9 ironbound frosthearts
  A spriggan skeleton (Crypt:1)
  5 boulder beetles
  3 dancing weapons
  A tengu warrior (D:15)
  A death scarab (Spider:3)
  13 death yaks (Lair:5)
  An anaconda (D:12)
  3 vampire magi
  2 deep troll earth magi
  9 demonic crawlers
  A spriggan berserker (Swamp:2)
  15 two-headed ogres
  Urug (Lair:3)
  5 orc high priests
  9 spriggans
  A storm dragon zombie (D:15)
  11 deep elf knights
  A skyshark (shapeshifter) (Vaults:5)
  13 skeletal warriors
  7 pharaoh ants
  3 shadow wraiths (Vaults:5)
  8 goliath frogs
  2 orb spiders (shapeshifter)
  7 bog bodies
  11 swamp dragons
  4 spriggan druids
  5 deep elf archers
  17 deep trolls
  6 orc knights
  An anaconda skeleton (Crypt:2)
  19 ironbound convokers
  10 orb spiders
  A flayed ghost (Crypt:2)
  9 occultists
  7 steelbarb worms
  8 lindwurms
  10 harpies
  18 deep elf pyromancers
  A harpy (shapeshifter) (Vaults:5)
  3 necromancers
  6 phantasmal warriors
  10 deep elf zephyrmancers
  7 orc sorcerers
  4 will-o-the-wisps
  19 wolf spiders
  6 manticores
  23 ugly things
  A human zombie (Crypt:1)
  8 cyclopes
  A cyclops (shapeshifter) (Vaults:5)
  5 moths of wrath
  Maurice (D:8)
  A centaur zombie (D:10)
  8 elephants (Lair:5)
  6 black mambas
  11 cane toads
  2 ice statues (IceCv)
  17 vault sentinels
  An eye of devastation (shapeshifter) (Vaults:5)
  9 torpor snails
  An alligator snapping turtle zombie (Crypt:2)
  6 kobold demonologists
  An unseen horror zombie (D:10)
  A centaur skeleton (Crypt:1)
  9 rime drakes
  5 orange demons (Swamp:4)
  A gargoyle (D:12)
  An efreet (D:15)
  An unseen horror (D:12)
  18 yaktaurs
  9 komodo dragons
  6 tengu conjurers
  A sea snake zombie (Crypt:1)
  5 freezing wraiths
  9 trolls
  A hellwing (D:12)
  2 queen bees
  10 meliai
  A tarantella (shapeshifter) (Lair:5)
  7 hornets
  6 tyrant leeches
  A bloated husk (Swamp:1)
  A polar bear (D:12)
  A wolf spider simulacrum (D:14)
  A wind drake (shapeshifter) (Vaults:5)
  29 blink frogs
  A guardian serpent zombie (Crypt:1)
  23 tarantellas
  A raiju (shapeshifter) (D:15)
  An ettin zombie (Crypt:2)
  42 slime creatures
  An air elemental (Elf:1)
  A vampire (D:11)
  6 flying skulls (Crypt:1)
  A spriggan zombie (D:15)
  21 jumping spiders
  24 culicivoras
  A guardian serpent skeleton (Crypt:1)
  9 wyverns
  11 wraiths
  2 shadows
  4 fire elementals (Elf:2)
  6 water elementals
  A black mamba zombie (Crypt:1)
  3 basilisks
  44 redbacks
  81 yaks
  4 humans (D:14)
  Eustachio (D:4)
  A wind drake skeleton (Crypt:1)
  16 vampire mosquitoes
  8 wargs
  17 swamp worms
  18 water moccasins
  3 large abominations (Swamp:4)
  2 acid dragons
  4 ice beasts
  42 orc warriors
  4 swamp drakes
  2 sky beasts (D:7)
  A black bear (D:4)
  A blink frog zombie (Crypt:2)
  6 ogres
  29 wolves
  6 centaurs
  A dream sheep skeleton (Crypt:1)
  5 phantoms
  A hog skeleton (Crypt:2)
  3 kobold brigands
  A gnoll sergeant (D:10)
  A salamander skeleton (Crypt:1)
  5 scorpions
  12 bullfrogs
  A necrophage (Crypt:1)
  6 earth elementals
  5 wights
  3 killer bees (D:7)
  3 howler monkeys (D:11)
  A lindwurm simulacrum (IceCv)
  A crimson imp (D:3)
  A quasit (D:12)
  5 hounds
  5 komodo dragon simulacra (IceCv)
  2 gnoll boudas
  3 jellies
  34 orc priests
  Jessica (D:2)
  3 iguanas
  Ijyb (D:5)
  20 orc wizards
  6 hell rats (Lair:3)
  A deep dwarf zombie (Crypt:1)
  A deep dwarf skeleton (Crypt:1)
  An acid dragon skeleton (Crypt:2)
  A naga skeleton (Crypt:2)
  An ogre skeleton (Crypt:2)
  8 mummies (Ossuary)
  Robin (D:3)
  6 acid dragon simulacra (IceCv)
  9 adders
  17 gnolls
  2 white imps (D:7)
  9 steam dragon simulacra (IceCv)
  A worm (D:5)
  90 orcs
  3 ball pythons
  2 bats (D:3)
  2 endoplasms
  3 giant cockroaches
  17 goblins
  4 hobgoblins
  2 jackals (D:1)
  A quokka (D:3)
  3 frilled lizards
  A goblin skeleton (D:3)
  A goblin zombie (D:3)
  3 hobgoblin zombies
  A jackal zombie (Crypt:1)
  14 kobolds
  6 kobold skeletons (D:3)
  7 kobold zombies
  An orc skeleton (D:3)
  3 orc zombies
  A quokka zombie (Crypt:1)
  13 rats
  A butterfly (Lair:2)
1634 creatures vanquished.

Vanquished Creatures (collateral kills)
  A tentacled monstrosity (Vaults:5)
  A broodmother (Spider:4)
  A deep elf high priest (Elf:2)
  A komodo dragon (Lair:1)
  A jumping spider (Spider:4)
  3 yaks (Lair:1)
  A vampire mosquito (Lair:5)
  A killer bee (D:7)
10 creatures vanquished.

Vanquished Creatures (others)
  2 dancing weapons (Elf:2)
  An orb spider (Spider:4)
  A storm dragon skeleton (D:15)
  A steelbarb worm (Spider:3)
  A deep elf pyromancer (Elf:2)
  An ugly thing (Vaults:3)
  A bloated husk (Swamp:2)
  A yak (D:8)
  A human (D:14)
  An orc wizard (Orc:2)
  4 orcs
  4 foxfires (Swamp:1)
19 creatures vanquished.

Grand Total: 1663 creatures vanquished

Notes
Turn   | Place    | Note
-------+----------+-------------------------------------------
     0 | D:1      | Xavori the Octopode Chaos Knight began the quest for the
                  | Orb.
     0 | D:1      | Reached XP level 1. HP: 16/16 MP: 1/1
   192 | D:1      | Reached XP level 2. HP: 21/21 MP: 2/2
   388 | D:1      | XOM: cloud trail
   734 | D:1      | XOM: silly message
   980 | D:1      | XOM: god gift: leather armour {god gift}
  1377 | D:1      | XOM: silly message
  1744 | D:1      | XOM: god gift: 13 gold pieces
  2793 | D:1      | XOM is BORED!
  2806 | D:1      | XOM: god gift: 30 gold pieces
  3755 | D:1      | XOM: give mutations
  3755 | D:1      | Gained mutation: You have hidden genetic defects. [Xom's
                  | mischief]
  3755 | D:1      | Gained mutation: Potions are less effective at restoring
                  | your health. [Xom's mischief]
  4110 | D:1      | XOM: divination: detect items
  4812 | D:1      | XOM: divination: detect items
  4966 | D:1      | XOM: god gift: scroll labelled LUKHLUEFERPH {god gift}
  5277 | D:1      | XOM: give mutations
  5277 | D:1      | Gained mutation: You expend magic power (3 MP) to
                  | strengthen your wands. [Xom's grace]
  5277 | D:1      | Gained mutation: You are robust. (+10% HP) [Xom's grace]
  5277 | D:1      | Lost mutation: You have hidden genetic defects. [Xom's
                  | grace]
  5277 | D:1      | Gained mutation: Your muscles are strong. (Str +4, Int/Dex
                  | -1) [Xom's grace]
  5814 | D:1      | XOM: scenery: create altars
  6127 | D:1      | XOM: divination: detect creatures
  6247 | D:1      | XOM is BORED!
  6916 | D:1      | XOM: divination: magic mapping
  8491 | D:1      | XOM: divination: detect creatures
  8570 | D:1      | XOM: summons 1 hostile demon
  8940 | D:2      | XOM: divination: detect creatures
  8948 | D:2      | Reached skill level 1 in Stealth
  8948 | D:2      | Reached XP level 3. HP: 23/28 MP: 3/3
  9007 | D:2      | Reached skill level 2 in Stealth
  9105 | D:2      | XOM: 2-stop teleportation journey
  9252 | D:2      | Noticed Jessica
  9255 | D:2      | Killed Jessica
  9256 | D:2      | Reached skill level 3 in Stealth
  9256 | D:2      | Reached XP level 4. HP: 34/34 MP: 4/4
  9374 | D:2      | XOM: stat loss: -1 Str (14/15)
  9438 | D:2      | XOM: scenery: summon butterflies
  9640 | D:3      | Found a glowing golden altar of the Shining One.
  9655 | D:3      | Reached skill level 4 in Stealth
  9655 | D:3      | Reached XP level 5. HP: 39/39 MP: 5/5
  9706 | D:3      | Noticed Robin
  9710 | D:3      | Killed Robin
  9841 | D:3      | Reached skill level 5 in Stealth
 10122 | D:3      | XOM: give mutations
 10122 | D:3      | Gained mutation: Your magical capacity is low. (-10% MP)
                  | [Xom's mischief]
 10122 | D:3      | Gained mutation: Potions cannot restore your health. [Xom's
                  | mischief]
 10122 | D:3      | Gained mutation: One of your tentacles bears a spike.
                  | [Xom's mischief]
 10122 | D:3      | Gained mutation: You sometimes lose your temper in combat.
                  | [Xom's mischief]
 10411 | D:4      | Found a radiant altar of Vehumet.
 10433 | D:4      | Noticed a black bear
 10440 | D:4      | Killed a black bear
 10441 | D:4      | Reached XP level 6. HP: 40/47 MP: 5/5
 10445 | D:4      | Identified the +3 dagger "Hydraslayer" {pain, rN+ Will-
                  | Int+5 Dex+2}
 10461 | D:4      | Reached skill level 6 in Stealth
 10515 | D:4      | Noticed Eustachio
 10517 | D:4      | XOM: scenery: 2 doors open
 10519 | D:4      | XOM: potion effect (invisibility)
 10529 | D:4      | Killed Eustachio
 10530 | D:4      | Reached skill level 5 in Short Blades
 10530 | D:4      | Reached XP level 7. HP: 41/52 MP: 6/6
 10772 | D:4      | Found a sparkling altar of Nemelex Xobeh.
 11100 | D:5      | Entered Level 5 of the Dungeon
 11104 | D:5      | XOM: 1-stop teleportation journey
 11106 | D:5      | Found Ynagal Gunt's Book Shop.
 11119 | D:5      | Reached skill level 7 in Stealth
 11241 | D:5      | Found a sand-covered staircase.
 11251 | D:5      | Reached XP level 8. HP: 41/59 MP: 7/7
 11313 | Ossuary  | Entered an ossuary
 11327 | Ossuary  | XOM: confusion
 11541 | Ossuary  | XOM: give mutations
 11541 | Ossuary  | Lost mutation: You are robust. (+10% HP) [Xom's mischief]
 11541 | Ossuary  | Lost mutation: Potions cannot restore your health. [Xom's
                  | mischief]
 11541 | Ossuary  | Gained mutation: You are agile. (Dex +4, Str/Int -1) [Xom's
                  | mischief]
 11594 | Ossuary  | Reached skill level 11 in Stealth
 11594 | Ossuary  | Reached skill level 5 in Evocations
 11594 | Ossuary  | Reached XP level 9. HP: 64/64 MP: 8/8
 11728 | D:5      | XOM: god gift: scroll of amnesia
 11759 | D:5      | XOM: silly message
 11797 | D:5      | XOM: give mutation
 11797 | D:5      | Gained mutation: You are very agile. (Dex +8, Str/Int -2)
                  | [Xom's mischief]
 11841 | D:5      | XOM: god gift: pair of runed boots {god gift}
 12060 | D:5      | Noticed Ijyb
 12062 | D:5      | Killed Ijyb
 12087 | D:5      | Found a glowing silver altar of Zin.
 12100 | D:5      | Found a staircase to the Ecumenical Temple.
 12393 | D:6      | Reached skill level 12 in Stealth
 12615 | D:6      | XOM: scenery: 2 doors close
 12688 | D:7      | XOM: enchant monster (good)
 12698 | D:7      | Found Iwobom's Antique Weapon Shop.
 12704 | D:7      | Found Yveanoit's Distillery.
 12726 | D:7      | Reached XP level 10. HP: 20/71 MP: 9/9
 12777 | D:7      | XOM: 7-stop teleportation journey
 12934 | D:7      | Found Jurah's Antique Weapon Shop.
 12945 | D:7      | Identified the ring of Xicao {rElec rF+ rCorr EV+5 Stlth+}
 12972 | D:7      | Bought a potion of heal wounds for 55 gold pieces
 12972 | D:7      | Bought a potion of lignification for 33 gold pieces
 12972 | D:7      | Bought 2 potions of degeneration for 22 gold pieces
 12972 | D:7      | Bought a potion of heal wounds for 55 gold pieces
 13232 | D:7      | XOM: divination: detect items
 13306 | D:7      | Reached skill level 13 in Stealth
 13513 | D:8      | Noticed Maurice
 13515 | D:8      | XOM: god gift: 43 gold pieces
 13521 | D:8      | Killed Maurice
 13552 | D:8      | Found a burning altar of Makhleb.
 13552 | D:8      | Found a bloodstained altar of Trog.
 13635 | D:8      | XOM: destruction
 13750 | D:8      | Noticed a two-headed ogre
 13757 | D:8      | Killed a two-headed ogre
 13758 | D:8      | Reached skill level 14 in Stealth
 13771 | D:8      | XOM: god gift: +0 quick blade of chaos
 14035 | D:9      | XOM: cloud trail
 14039 | D:9      | Found a hide-covered altar of Uskayaw.
 14081 | D:9      | XOM: smoke on damage
 14099 | D:9      | XOM is BORED!
 14099 | D:9      | Noticed a two-headed ogre
 14099 | D:9      | XOM: 1-stop teleportation journey
 14106 | D:9      | Killed a two-headed ogre
 14107 | D:9      | Reached XP level 11. HP: 73/75 MP: 9/9
 14118 | D:9      | XOM: noise
 14288 | D:9      | Found Gudue's Antique Armour Boutique.
 14711 | D:9      | XOM: divination: detect items
 14800 | D:10     | Entered Level 10 of the Dungeon
 14822 | D:10     | Reached skill level 10 in Short Blades
 14899 | D:10     | Reached skill level 15 in Stealth
 14899 | D:10     | Found a staircase to the Lair.
 14917 | D:10     | XOM: polymorph ice beast -> ice beast
 14919 | D:10     | Found a staircase to the Orcish Mines.
 15262 | D:10     | XOM: god gift: ring mail {god gift}
 15384 | D:10     | Noticed a two-headed ogre
 15391 | D:10     | Killed a two-headed ogre
 15396 | D:10     | Noticed a two-headed ogre
 15397 | D:10     | XOM: scenery: 2 doors close
 15401 | D:10     | Killed a two-headed ogre
 15402 | D:10     | Reached skill level 16 in Stealth
 15426 | D:10     | Noticed a two-headed ogre
 15428 | D:10     | Killed a two-headed ogre
 15471 | D:10     | XOM: enchant monster (good)
 15746 | D:10     | Found a basalt altar of Yredelemnul.
 15786 | D:13     | Identified the of Motuw
 15786 | D:13     | Identified the of Uthrao Suakh
 15786 | D:13     | Identified the "Onavasae"
 15786 | Gauntlet | Identified the "Icydob"
 15786 | Lair:1   | Entered Level 1 of the Lair of Beasts
 15791 | Lair:1   | Reached XP level 12. HP: 82/82 MP: 10/10
 15894 | D:10     | XOM is BORED!
 15927 | Lair:1   | Reached skill level 17 in Stealth
 15948 | Lair:1   | XOM: summons 12 friendly demons
 15949 | Lair:1   | Noticed a boulder beetle
 16260 | Lair:1   | XOM: give mutations
 16260 | Lair:1   | Gained mutation: Your muscles are very strong. (Str +8,
                  | Int/Dex -2) [Xom's grace]
 16260 | Lair:1   | Gained mutation: You are strong-willed. (Will+) [Xom's
                  | grace]
 16413 | Lair:1   | Reached skill level 1 in Shields
 16417 | Lair:1   | XOM: scenery: 1 doors open, 1 doors close
 16447 | Lair:1   | XOM: scenery: 1 doors open
 16727 | Lair:1   | XOM: god gift: scroll of brand weapon
 16728 | Lair:1   | XOM: confuse monster(s)
 16731 | Lair:1   | Killed a boulder beetle
 16732 | Lair:1   | XOM: give mutation
 16732 | Lair:1   | Lost mutation: Your magical capacity is low. (-10% MP)
                  | [Xom's mischief]
 16906 | Lair:2   | XOM: summons friendly crimson imp
 16918 | Lair:2   | XOM: noise
 16930 | Lair:2   | Reached skill level 18 in Stealth
 16931 | Lair:2   | Found a hole to the Spider Nest.
 16940 | Lair:2   | XOM: confusion
 17074 | Lair:2   | XOM: torment (44/84 hp)
 17375 | Lair:2   | Reached XP level 13. HP: 90/90 MP: 13/13
 17424 | Lair:2   | Noticed Gastronok
 17437 | Lair:2   | Killed Gastronok
 17439 | Lair:2   | XOM: give mutations
 17439 | Lair:2   | Lost mutation: Your muscles are very strong. (Str +8,
                  | Int/Dex -2) [Xom's mischief]
 17439 | Lair:2   | Gained mutation: You are highly strong-willed. (Will++)
                  | [Xom's mischief]
 17439 | Lair:2   | Lost mutation: One of your tentacles bears a spike. [Xom's
                  | mischief]
 17439 | Lair:2   | Lost mutation: You expend magic power (3 MP) to strengthen
                  | your wands. [Xom's mischief]
 17617 | Lair:2   | XOM: give mutation
 17617 | Lair:2   | Gained mutation: Your muscles are very strong. (Str +8,
                  | Int/Dex -2) [Xom's mischief]
 17688 | Lair:2   | XOM: noise
 18164 | Lair:3   | Noticed Urug
 18169 | Lair:3   | XOM: cast spell 'Leda's Liquefaction'
 18180 | Lair:3   | Killed Urug
 18181 | Lair:3   | Reached skill level 19 in Stealth
 18269 | Lair:3   | XOM: divination: detect creatures
 18278 | Lair:3   | HP: 3/90 [wolf (10)]
 18292 | Lair:3   | XOM: potion effect (curing)
 18826 | Lair:3   | XOM: divination: detect creatures
 18875 | Lair:3   | Found a staircase to the Swamp.
 18917 | Lair:3   | XOM: silly message
 18930 | Lair:3   | XOM: silly message
 19373 | Lair:4   | XOM: silly message
 19420 | Lair:4   | Identified the amulet of Lyaneug {Acrobat Harm rF- rCorr
                  | Dex+2}
 19527 | Lair:4   | XOM: cast spell 'Metabolic Englaciation'
 19686 | Lair:4   | Lost mutation: Potions are less effective at restoring your
                  | health. [potion of mutation]
 19686 | Lair:4   | Lost mutation: Your muscles are very strong. (Str +8,
                  | Int/Dex -2) [potion of mutation]
 19686 | Lair:4   | Gained mutation: You are frail. (-10% HP) [potion of
                  | mutation]
 19686 | Lair:4   | Lost mutation: Your muscles are strong. (Str +4, Int/Dex
                  | -1) [potion of mutation]
 19958 | Lair:5   | Entered Level 5 of the Lair of Beasts
 19965 | Lair:5   | Reached XP level 14. HP: 88/88 MP: 14/14
 20005 | Lair:5   | XOM is BORED!
 20005 | Lair:5   | XOM: torment (50/88 hp)
 20021 | Lair:5   | Reached skill level 20 in Stealth
 20144 | Lair:5   | XOM: fog
 20253 | Lair:5   | XOM: summons 14 friendly demons
 20256 | Lair:5   | XOM: summons 3 friendly demons
 20266 | Lair:5   | XOM: summons 8 friendly demons
 20267 | Lair:5   | Reached skill level 10 in Fighting
 20271 | Lair:5   | XOM: silly message
 20279 | Lair:5   | XOM: potion effect (brilliance)
 20283 | Lair:5   | Reached skill level 10 in Dodging
 20307 | Lair:5   | Identified the ring "Xudduv" {rElec rCorr Int+4 Slay+5}
 20407 | Lair:5   | XOM: summons friendly white imp
 20425 | Lair:5   | XOM: divination: detect creatures
 20426 | Lair:5   | XOM: potion effect (berserk rage)
 20433 | Lair:5   | XOM: cast spell 'Cause Fear'
 20664 | Lair:5   | XOM: polymorph death yak -> shapeshifter
 20700 | Lair:5   | Identified 2 scrolls of acquirement
 20700 | Lair:5   | Acquired the +5 kite shield "Xaloap" {Stlth+}
 20713 | Lair:5   | Acquired a +1 kite shield of protection
 20747 | Lair:5   | XOM: cloud trail
 20847 | Lair:5   | Reached skill level 5 in Shields
 20849 | Lair:5   | XOM: enchant monster (good)
 20853 | Lair:5   | XOM: cast spell 'Summon Cactus Giant'
 20982 | Lair:5   | XOM: god gift: book of Blasting
 21023 | Lair:5   | XOM: noise
 21163 | Lair:5   | XOM: 1-stop teleportation journey
 21290 | Lair:5   | XOM: divination: detect creatures
 21295 | Lair:5   | XOM: enchant monster (good)
 21375 | Lair:5   | Identified the -1 helmet of Ravioli {Int+3 Dex+3}
 21496 | Lair:5   | Found a viscous altar of Jiyva.
 21496 | Lair:5   | Found a staircase to the Slime Pits.
 21582 | Lair:5   | XOM: stat loss: -1 Dex (24/25)
 21594 | Lair:5   | Reached skill level 21 in Stealth
 21896 | Orc:1    | Entered Level 1 of the Orcish Mines
 21938 | Orc:1    | Reached XP level 15. HP: 87/94 MP: 15/15
 22056 | Orc:2    | Entered Level 2 of the Orcish Mines
 22110 | Orc:2    | XOM: enchant monster (good)
 22214 | Orc:1    | Found Diseraoz's General Store.
 22224 | Orc:1    | XOM: polymorph ogre -> water moccasin
 22229 | Orc:1    | Bought a scroll of enchant armour for 120 gold pieces
 22502 | Orc:2    | XOM: god gift: wand of digging (5)
 22692 | Orc:2    | XOM: enchant monster (good)
 22861 | Orc:2    | Noticed an orc warlord
 22875 | Orc:2    | Killed an orc warlord
 23101 | Orc:2    | Noticed an orc warlord
 23109 | Orc:2    | Killed an orc warlord
 23228 | Orc:2    | XOM: summons 5 friendly demons
 23262 | Orc:2    | Found Ocoudar's General Store.
 23277 | Orc:2    | Bought a potion of cancellation for 88 gold pieces
 23277 | Orc:2    | Bought a potion of enlightenment for 55 gold pieces
 23314 | Orc:2    | Found Mewugan's Distillery.
 23328 | Orc:2    | Bought a potion of might for 60 gold pieces
 23328 | Orc:2    | Bought a potion of curing for 45 gold pieces
 23328 | Orc:2    | Bought a potion of curing for 45 gold pieces
 23328 | Orc:2    | Bought a potion of haste for 150 gold pieces
 23328 | Orc:2    | Bought a potion of haste for 150 gold pieces
 23328 | Orc:2    | Bought a potion of curing for 45 gold pieces
 23328 | Orc:2    | Bought a potion of heal wounds for 75 gold pieces
 23328 | Orc:2    | Bought a potion of mutation for 120 gold pieces
 23508 | Orc:2    | XOM: divination: detect creatures
 23509 | Orc:2    | XOM: potion effect (berserk rage)
 23643 | Orc:2    | Found a staircase to the Elven Halls.
 23692 | Orc:2    | Reached skill level 22 in Stealth
 23834 | Orc:2    | Found Leniylif's Weapon Shoppe.
 23921 | Orc:2    | Found Zekon Ivofri's Book Emporium.
 24019 | Orc:2    | XOM: confuse monster(s)
 24034 | Orc:2    | Lost mutation: You are very agile. (Dex +8, Str/Int -2)
                  | [potion of mutation]
 24034 | Orc:2    | Lost mutation: You are highly strong-willed. (Will++)
                  | [potion of mutation]
 24034 | Orc:2    | Lost mutation: You are agile. (Dex +4, Str/Int -1) [potion
                  | of mutation]
 24034 | Orc:2    | Gained mutation: You are very frail. (-20% HP) [potion of
                  | mutation]
 24034 | Orc:2    | Gained mutation: Your body sometimes deteriorates upon
                  | taking damage. [potion of mutation]
 24034 | Orc:2    | Gained mutation: Your natural rate of healing is unusually
                  | fast. [potion of mutation]
 24035 | Orc:2    | Lost mutation: Your natural rate of healing is unusually
                  | fast. [potion of mutation]
 24035 | Orc:2    | Lost mutation: You sometimes lose your temper in combat.
                  | [potion of mutation]
 24035 | Orc:2    | Lost mutation: Your body sometimes deteriorates upon taking
                  | damage. [potion of mutation]
 24036 | Orc:2    | Lost mutation: You are very frail. (-20% HP) [potion of
                  | mutation]
 24036 | Orc:2    | Lost mutation: You are frail. (-10% HP) [potion of
                  | mutation]
 24036 | Orc:2    | Gained mutation: You have hidden genetic potential. [potion
                  | of mutation]
 24036 | Orc:2    | Gained mutation: You are frail. (-10% HP) [potion of
                  | mutation]
 24036 | Orc:2    | Lost mutation: You have hidden genetic potential. [potion
                  | of mutation]
 24273 | D:11     | XOM: god gift: 34 gold pieces
 24340 | D:11     | Noticed Snorg
 24347 | D:11     | Killed Snorg
 24396 | D:11     | Identified the staff "Ihiamnasch" {Drain rElec rC+ Dex+7
                  | Stlth+ Ice}
 24929 | D:12     | XOM: divination: detect creatures
 24988 | D:12     | XOM: cleaving
 24997 | D:12     | XOM: draining
 25017 | D:12     | Found a frozen archway.
 25021 | D:12     | XOM: polymorph ice dragon -> anaconda
 25025 | D:12     | XOM: noise
 25039 | D:12     | XOM: 1-stop teleportation journey
 25042 | D:12     | Found the amulet of Elemental Vulnerability {rPois rF--
                  | rC-- AC+8}
 25135 | IceCv    | Entered an ice cave
 25271 | IceCv    | XOM: swap monsters
 25351 | IceCv    | XOM: silly message
 25359 | IceCv    | Reached XP level 16. HP: 65/100 MP: 16/16
 25372 | IceCv    | XOM: 1-stop teleportation journey
 25551 | IceCv    | XOM: stat loss: -1 Str (11/12)
 25864 | IceCv    | XOM: give mutations
 25864 | IceCv    | Gained mutation: You are partially covered in iridescent
                  | scales. (AC +2) [Xom's mischief]
 25864 | IceCv    | Gained mutation: You occasionally lose the ability to drink
                  | potions when taking damage. [Xom's mischief]
 25864 | IceCv    | Gained mutation: One of your tentacles bears a spike.
                  | [Xom's mischief]
 25864 | IceCv    | Gained mutation: You are vulnerable to heat. (rF-) [Xom's
                  | mischief]
 26057 | D:12     | Noticed Josephine
 26077 | D:12     | Killed Josephine
 26449 | D:13     | Reached skill level 23 in Stealth
 26506 | D:13     | XOM: give mutations
 26506 | D:13     | Gained mutation: Your system is resistant to poisons.
                  | (rPois) [Xom's grace]
 26506 | D:13     | Gained mutation: You passively dampen the noise of your
                  | surroundings. [Xom's grace]
 26506 | D:13     | Gained mutation: Your muscles are strong. (Str +4, Int/Dex
                  | -1) [Xom's grace]
 26506 | D:13     | Gained mutation: Your mind is acute. (Int +4, Str/Dex -1)
                  | [Xom's grace]
 26517 | D:13     | XOM: polymorph large slime creature -> torpor snail
 26621 | D:13     | XOM is BORED!
 26621 | D:13     | XOM: give mutations
 26621 | D:13     | Lost mutation: Your muscles are strong. (Str +4, Int/Dex
                  | -1) [Xom's mischief]
 26621 | D:13     | Lost mutation: Your system is resistant to poisons. (rPois)
                  | [Xom's mischief]
 26621 | D:13     | Gained mutation: You have an increased reservoir of magic.
                  | (+10% MP) [Xom's mischief]
 26623 | D:13     | XOM: summons 2 hostile shadow creatures
 26927 | D:13     | Identified the staff "Caun" {rN+ Will+ rCorr Necro}
 26955 | D:13     | Identified the +3 long sword "Irolil" {speed, Will+ MP+9}
 27036 | D:13     | Found a shimmering blue altar of Sif Muna.
 27045 | D:13     | XOM: enchant monster (bad)
 27413 | D:14     | Found a runed translucent gate.
 27413 | D:14     | Found a runed translucent gate.
 27413 | D:14     | Found a runed translucent gate.
 27414 | D:14     | Noticed lessens's ghost (journeyman GnFi)
 27430 | D:14     | XOM: scenery: create altars
 27436 | D:14     | XOM: scenery: create altars
 27445 | D:14     | Killed lessens's ghost
 27452 | D:14     | Identified the +4 double sword of Jeokick {heavy, rC+ Will+
                  | Stlth+}
 27507 | D:14     | XOM: give mutation
 27507 | D:14     | Lost mutation: You occasionally lose the ability to drink
                  | potions when taking damage. [Xom's mischief]
 27825 | D:14     | XOM: give mutation
 27825 | D:14     | Lost mutation: You passively dampen the noise of your
                  | surroundings. [Xom's mischief]
 27847 | D:14     | XOM: polymorph human -> queen bee
 27849 | D:14     | Found a gate to the Vaults.
 27849 | D:14     | XOM: swap monsters
 27851 | D:14     | XOM: cast spell 'Call Canine Familiar'
 27865 | D:14     | XOM: god gift: 13 gold pieces
 27946 | D:14     | Found Looku's Assorted Antiques.
 27951 | D:14     | Bought a fuming emerald potion for 24 gold pieces
 27951 | D:14     | Bought a potion of heal wounds for 135 gold pieces
 28095 | D:15     | Entered Level 15 of the Dungeon
 28146 | D:15     | XOM: cast spell 'Monstrous Menagerie'
 28220 | D:15     | XOM: god gift: 987 gold pieces
 28270 | D:15     | Found a staircase to the Depths.
 28277 | D:15     | Reached skill level 24 in Stealth
 28292 | D:15     | Reached XP level 17. HP: 50/105 MP: 18/18
 28292 | D:15     | XOM: divine lightning
 28321 | D:15     | Noticed Rupert
 28440 | D:15     | XOM: 3-stop teleportation journey
 28606 | D:15     | XOM: cloud trail
 28842 | D:15     | XOM: cloud trail
 28886 | D:15     | XOM: god gift: book of the Earth
 28948 | D:15     | Killed Rupert
 28984 | D:15     | XOM: god gift: +2 ice dragon scales
 29146 | D:12     | XOM: cloud trail
 29160 | D:11     | XOM: give mutation
 29160 | D:11     | Gained mutation: You are resistant to electric shocks.
                  | (rElec) [Xom's grace]
 29276 | Desolati | Identified the "Isenen"
 29276 | Desolati | Identified the "Liha"
 29276 | Desolati | Identified the "Asmywiph"
 29276 | Vaults:5 | Identified the "Inkaus"
 29276 | Vaults:5 | Identified the of Daistrawk
 29276 | Vaults:5 | Identified the "Orghangiuga"
 29276 | Vaults:5 | Identified the "Soarast"
 29276 | Depths:2 | Identified the "Luzyseid"
 29276 | Depths:3 | Identified the "Kaphoq"
 29276 | Elf:1    | Entered Level 1 of the Elven Halls
 29289 | Elf:1    | XOM: scenery: 2 fountains blood, 2 doors open, 1 doors
                  | close
 29359 | Elf:1    | Found Luywadgh's Assorted Antiques.
 29368 | Elf:1    | Bought a scroll of blinking for 262 gold pieces
 29368 | Elf:1    | Bought a garnet ring for 175 gold pieces
 29372 | Elf:1    | Found Lijusus's Weapon Shoppe.
 29529 | Elf:1    | XOM: silly message
 29736 | Elf:1    | XOM: enchant monster (good)
 29816 | Elf:1    | XOM: divination: detect creatures
 29819 | Elf:1    | XOM: summons friendly iron imp
 29986 | Elf:2    | Reached skill level 15 in Short Blades
 29988 | Elf:2    | Found a runed translucent gate.
 29988 | Elf:2    | Found a runed translucent gate.
 29988 | Elf:2    | Found a runed translucent gate.
 30046 | Elf:2    | XOM: stat loss: -1 Dex (17/18)
 30068 | Elf:2    | XOM: noise
 30165 | Elf:2    | XOM: summons 1 hostile demon
 30295 | Elf:2    | XOM: give mutation
 30295 | Elf:2    | Lost mutation: You have an increased reservoir of magic.
                  | (+10% MP) [Xom's mischief]
 30299 | Elf:2    | Found the +5 glaive of the Guard {elec, spectral}
 30299 | Elf:2    | XOM: 1-stop teleportation journey
 30300 | Elf:2    | XOM: chaos upgrade
 30301 | Elf:2    | Found a runed translucent gate.
 30301 | Elf:2    | Found a runed translucent gate.
 30301 | Elf:2    | Found a runed translucent gate.
 30301 | Elf:2    | Found a runed translucent gate.
 30301 | Elf:2    | Found a runed translucent gate.
 30303 | Elf:2    | Noticed an Ice Fiend
 30508 | Elf:2    | XOM: destruction
 30611 | Elf:2    | Found a runed translucent gate.
 30611 | Elf:2    | XOM: scenery: 5 doors open, 6 doors close
 30613 | Elf:2    | XOM: polymorph shadow dragon -> frost giant
 30617 | Elf:2    | XOM: destruction
 30619 | Elf:2    | XOM: enchant monster (good)
 30620 | Elf:2    | XOM: scenery: 6 doors open, 3 doors close
 30623 | Elf:2    | Reached skill level 15 in Dodging
 30635 | Elf:2    | XOM: divination: detect items
 30638 | Elf:2    | XOM: butterfly on damage
 30742 | Elf:1    | XOM: god gift: wand of paralysis (7)
 30887 | Spider:1 | Entered Level 1 of the Spider Nest
 30891 | Spider:1 | Reached skill level 25 in Stealth
 30967 | Spider:1 | XOM: fake destruction
 31216 | Spider:1 | Reached skill level 10 in Shields
 31228 | Spider:1 | XOM: cast spell 'Chain of Chaos'
 31727 | Spider:1 | XOM: scenery: summon butterflies
 32070 | Spider:2 | XOM: noise
 32115 | Spider:2 | Reached XP level 18. HP: 113/113 MP: 18/18
 32273 | Spider:2 | XOM: chaos cloud
 32442 | Spider:2 | XOM: scenery: summon butterflies
 33021 | Spider:2 | XOM: give mutations
 33021 | Spider:2 | Gained mutation: Your magical capacity is low. (-10% MP)
                  | [Xom's mischief]
 33021 | Spider:2 | Gained mutation: Your system is resistant to poisons.
                  | (rPois) [Xom's mischief]
 33021 | Spider:2 | Lost mutation: You are frail. (-10% HP) [Xom's mischief]
 33184 | Spider:2 | XOM: stat loss: -1 Dex (17/18)
 33204 | Spider:2 | XOM: give mutation
 33204 | Spider:2 | Lost mutation: You are strong-willed. (Will+) [Xom's
                  | mischief]
 33357 | Spider:2 | XOM: give mutations
 33357 | Spider:2 | Lost mutation: Your mind is acute. (Int +4, Str/Dex -1)
                  | [Xom's mischief]
 33357 | Spider:2 | Lost mutation: Your magical capacity is low. (-10% MP)
                  | [Xom's mischief]
 33503 | Spider:3 | Learned a level 2 spell: Passwall
 33589 | Spider:3 | XOM: summons 9 friendly demons
 33613 | Spider:3 | Reached skill level 1 in Spellcasting
 33639 | Spider:3 | XOM is BORED!
 33639 | Spider:3 | XOM: summons 1 hostile demon
 33658 | Spider:3 | XOM: 4-stop teleportation journey
 33666 | Spider:3 | Reached skill level 1 in Earth Magic
 33681 | Spider:3 | Reached skill level 1 in Transmutations
 33709 | Spider:3 | XOM: cast spell 'Summon Mana Viper'
 33731 | Spider:3 | XOM: divination: detect items
 34199 | Spider:3 | Upgraded the game from 0.31-a0-889-g1a8549509d to
                  | 0.31-a0-920-g28cbb04a8c
 34223 | Spider:4 | Entered Level 4 of the Spider Nest
 34294 | Spider:4 | XOM: give mutations
 34294 | Spider:4 | Lost mutation: Your system is resistant to poisons. (rPois)
                  | [Xom's mischief]
 34294 | Spider:4 | Lost mutation: You are vulnerable to heat. (rF-) [Xom's
                  | mischief]
 34294 | Spider:4 | Gained mutation: You occasionally shout uncontrollably at
                  | your foes. [Xom's mischief]
 34559 | Spider:4 | Noticed Arachne
 34561 | Spider:4 | Killed Arachne
 34744 | Spider:4 | XOM: enchant monster (bad)
 34748 | Spider:4 | XOM: destruction
 34754 | Spider:4 | XOM: summons 6 friendly demons
 34760 | Spider:4 | XOM: fake destruction
 34761 | Spider:4 | XOM: 4-stop teleportation journey
 35075 | Spider:4 | XOM: destruction
 35079 | Spider:4 | XOM: scenery: create altars
 35103 | Spider:4 | XOM: polymorph broodmother -> great orb of eyes
 35130 | Spider:4 | XOM: divine lightning
 35138 | Spider:4 | XOM: confuse monster(s)
 35139 | Spider:4 | XOM: cast spell 'Summon Cactus Giant'
 35209 | Spider:4 | Reached XP level 19. HP: 133/133 MP: 23/23
 35412 | Spider:4 | Got a gossamer rune of Zot
 35766 | Lair:3   | XOM: give mutation
 35766 | Lair:3   | Gained mutation: One of your tentacles bears a nasty spike.
                  | [Xom's grace]
 35783 | Swamp:1  | Entered Level 1 of the Swamp
 35892 | Swamp:1  | XOM: enchant monster (good)
 35956 | Swamp:1  | XOM: cast spell 'Death Channel'
 35963 | Swamp:1  | XOM: polymorph goliath frog -> four-headed hydra
 36034 | Swamp:1  | XOM: silly message
 36269 | Swamp:2  | Found a transporter.
 36272 | Swamp:2  | Found a transporter.
 36282 | Swamp:2  | Found a bloodstained altar of Trog.
 36282 | Swamp:2  | Noticed GigaChad's ghost (journeyman KoFi)
 36552 | Swamp:2  | XOM: cast spell 'Summon Ice Beast'
 36765 | Swamp:2  | XOM: divination: magic mapping
 36804 | Swamp:2  | Acquired a ring of poison resistance
 36849 | Swamp:2  | Killed GigaChad's ghost
 36865 | Swamp:2  | Identified the ring of Yteczaxt {Fly rCorr Dex+4 Slay+3}
 36905 | Swamp:2  | XOM: silly message
 36990 | Swamp:3  | XOM: divine lightning
 36997 | Swamp:3  | XOM: polymorph swamp dragon -> swamp worm
 37289 | Swamp:3  | XOM: scenery: summon butterflies
 37340 | Swamp:4  | Entered Level 4 of the Swamp
 37376 | Swamp:4  | XOM: enchant monster (good)
 37394 | Swamp:4  | XOM: destruction
 37437 | Swamp:4  | Identified the +3 falchion "Liduargh" {flame, *Noise rElec
                  | Str+3}
 37530 | Swamp:4  | Got a decaying rune of Zot
 37574 | Swamp:4  | XOM: 3-stop teleportation journey
 37582 | Swamp:4  | XOM: give mutations
 37582 | Swamp:4  | Gained mutation: One of your tentacles bears a large
                  | vicious spike. [Xom's grace]
 37582 | Swamp:4  | Gained mutation: Your muscles are strong. (Str +4, Int/Dex
                  | -1) [Xom's grace]
 37720 | Swamp:4  | Noticed a tentacled monstrosity
 37725 | Swamp:4  | XOM: cleaving
 37727 | Swamp:4  | Killed a tentacled monstrosity
 37867 | Swamp:4  | XOM: give mutations
 37867 | Swamp:4  | Gained mutation: You are robust. (+10% HP) [Xom's grace]
 37867 | Swamp:4  | Gained mutation: You are agile. (Dex +4, Str/Int -1) [Xom's
                  | grace]
 37867 | Swamp:4  | Gained mutation: Your natural rate of healing is unusually
                  | fast. [Xom's grace]
 37867 | Swamp:4  | Gained mutation: You have hidden genetic potential. [Xom's
                  | grace]
 38206 | D:13     | XOM: 2-stop teleportation journey
 38261 | Vaults:1 | Entered Level 1 of the Vaults
 38333 | Vaults:1 | Reached XP level 20. HP: 156/156 MP: 26/26
 38709 | Vaults:1 | XOM: fake destruction
 38869 | Vaults:1 | XOM: god gift: 4 stones
 39207 | Vaults:1 | XOM is BORED!
 39207 | Vaults:1 | XOM: draining
 39311 | Vaults:2 | Acquired a manual of Shields
 39384 | Vaults:2 | XOM: enchant monster (good)
 39428 | Vaults:2 | XOM: torment (80/157 hp)
 39507 | Vaults:2 | XOM: potion effect (berserk rage)
 39557 | Vaults:2 | XOM: cleaving
 39649 | Vaults:2 | XOM: cloud trail
 39737 | Vaults:2 | XOM: cast spell 'Summon Dragon'
 39847 | Vaults:2 | Paralysed by a great orb of eyes for 2 turns
 39891 | Vaults:2 | XOM: summons 3 friendly demons
 39933 | Vaults:2 | XOM: cast spell 'Monstrous Menagerie'
 40028 | Vaults:2 | XOM: enchant monster (good)
 40241 | Vaults:2 | XOM is BORED!
 40241 | Vaults:2 | XOM: noise
 40288 | Vaults:3 | XOM: blink monster(s)
 40404 | Vaults:3 | Gained mutation: You have a pair of small antennae on your
                  | head. [hidden potential]
 40581 | Vaults:3 | XOM: scenery: 1 doors open
 40599 | Vaults:3 | Reached skill level 15 in Shields
 40629 | Vaults:3 | Noticed Asterion
 40641 | Vaults:3 | Killed Asterion
 40642 | Vaults:3 | Reached XP level 21. HP: 165/165 MP: 27/27
 40798 | Vaults:3 | Found Montadub's Weapon Boutique.
 40868 | Vaults:3 | Reached skill level 15 in Fighting
 40943 | Vaults:3 | Found a staircase to the Crypt.
 40979 | Vaults:3 | XOM: give mutation
 40979 | Vaults:3 | Gained mutation: You have very sharp teeth. [Xom's grace]
 41007 | Vaults:3 | XOM: scenery: 1 doors close
 41007 | Vaults:3 | Noticed Zenata
 41009 | Vaults:3 | XOM: fake destruction
 41010 | Vaults:3 | XOM: enchant monster (good)
 41021 | Vaults:3 | HP: 4/166 [+0 halberd of protection[Zenata] (17)]
 41072 | Vaults:2 | XOM: noise
 41149 | Vaults:3 | XOM: confuse monster(s)
 41156 | Vaults:3 | Killed Zenata
 41383 | Vaults:4 | Paralysed by a great orb of eyes for 2 turns
 41406 | Vaults:4 | Found Nuevorog's Distillery.
 41412 | Vaults:4 | XOM: confuse monster(s)
 41424 | Vaults:4 | Bought a potion of curing for 63 gold pieces
 41424 | Vaults:4 | Bought a potion of curing for 63 gold pieces
 41424 | Vaults:4 | Bought a potion of haste for 210 gold pieces
 41424 | Vaults:4 | Bought a potion of invisibility for 168 gold pieces
 41629 | Vaults:4 | XOM: 1-stop teleportation journey
 41751 | Vaults:4 | XOM: scenery: 3 doors close
 41757 | Vaults:4 | XOM: destruction
 41902 | Vaults:4 | XOM: cloud trail
 42133 | Vaults:4 | Identified the staff "Areurrun" {rF+ rN+ Int+3 Stlth+ Necro
                  | Ice}
 42292 | Vaults:5 | Entered Level 5 of the Vaults
 42298 | Vaults:4 | XOM: scenery: 1 doors close
 42326 | Vaults:4 | XOM: confuse monster(s)
 42350 | Vaults:5 | XOM: confuse monster(s)
 42361 | Vaults:5 | XOM: scenery: summon butterflies
 42445 | Vaults:5 | Noticed a golden dragon
 42455 | Vaults:5 | XOM: fog
 42456 | Vaults:5 | Killed a golden dragon
 42513 | Vaults:5 | Gained mutation: You passively map a small area around you.
                  | [hidden potential]
 42513 | Vaults:5 | Lost mutation: You have hidden genetic potential. [hidden
                  | potential expressed]
 42632 | Vaults:5 | Noticed an ancient lich
 42634 | Vaults:5 | Killed an ancient lich
 42703 | Vaults:5 | Identified the +6 broad axe "Zuzeweuru" {pain, rCorr}
 42718 | Vaults:5 | Identified the +5 mace of the Establishment {heavy, rF+ rN+
                  | Str+4 SInv}
 42729 | Vaults:5 | Reached XP level 22. HP: 129/177 MP: 28/28
 42786 | Vaults:5 | XOM: summons 5 friendly demons
 42798 | Vaults:5 | XOM: silly message
 42867 | Vaults:5 | Identified the +4 great sword "Qolyllanio" {chaos, Dex+2}
 43001 | Vaults:5 | Identified the +11 trident "Bomiaxok" {antimagic, +Blink
                  | rElec Will-}
 43118 | Vaults:5 | Noticed a golden dragon
 43122 | Vaults:5 | Killed a golden dragon
 43123 | Vaults:5 | XOM: confusion
 43138 | Vaults:5 | Reached skill level 1 in Shapeshifting
 43202 | Vaults:5 | Identified the +1 robe "Megag" {Rampage rPois rF-}
 43217 | Vaults:5 | XOM: give mutations
 43217 | Vaults:5 | Lost mutation: Your natural rate of healing is unusually
                  | fast. [Xom's mischief]
 43217 | Vaults:5 | Lost mutation: You are resistant to electric shocks.
                  | (rElec) [Xom's mischief]
 43217 | Vaults:5 | Gained mutation: A frigid envelope surrounds you and
                  | freezes all who hurt you. [Xom's mischief]
 43217 | Vaults:5 | Lost mutation: You are robust. (+10% HP) [Xom's mischief]
 43286 | Vaults:5 | Identified the ring of Nunouvvu {Drain rElec rPois Will-
                  | SInv}
 43693 | Vaults:5 | XOM: stat loss: -1 Int (15/16)
 43730 | Vaults:5 | Identified the +9 demon trident of Puarukloenosm {venom,
                  | Fly rElec MP-9 Str+2}
 43732 | Vaults:5 | XOM: enchant monster (bad)
 43747 | Vaults:5 | Identified the +1 war axe of Modesty {elec, Str+3 Int+2}
 43747 | Vaults:5 | Identified the +1 leather armour of the Swamp {+Inv rF-
                  | Str+4}
 43754 | Vaults:5 | Identified the amulet "Wikuro" {Spirit rC+ rN+ Dex+3}
 43771 | Vaults:5 | Identified the +8 orcbow of Fear {flame, Dex+3}
 43774 | Vaults:5 | XOM: chaos upgrade
 43792 | Vaults:5 | XOM: polymorph ironbound convoker -> tarantella
 43917 | Vaults:5 | Got a silver rune of Zot
 44066 | Vaults:5 | XOM: scenery: summon butterflies
 44147 | Crypt:1  | Entered Level 1 of the Crypt
 44165 | Crypt:1  | XOM: cleaving
 44391 | Crypt:1  | XOM: god gift: flail {god gift}
 44547 | Crypt:1  | Reached skill level 5 in Shapeshifting
 44558 | Crypt:1  | XOM: give mutations
 44558 | Crypt:1  | Gained mutation: You have hidden genetic potential. [Xom's
                  | grace]
 44558 | Crypt:1  | Gained mutation: You expend magic power (3 MP) to
                  | strengthen your wands. [Xom's grace]
 44923 | Crypt:2  | XOM: summons 10 friendly demons
 44991 | Crypt:2  | XOM: scenery: 2 doors open
 45077 | Crypt:2  | XOM: smoke on damage
 45167 | Crypt:2  | XOM: fog
 45168 | Crypt:2  | XOM: scenery: 3 doors open
 45287 | Crypt:2  | Found a huge runed gate.
 45287 | Crypt:2  | Found a huge runed gate.
 45287 | Crypt:2  | Found a huge runed gate.
 45287 | Crypt:2  | Found a huge runed gate.
 45287 | Crypt:2  | Found a huge runed gate.
 45287 | Crypt:2  | Found a huge runed gate.
 45288 | Crypt:2  | Found a huge runed gate.
 45289 | Crypt:2  | Found a huge runed gate.
 45290 | Crypt:2  | Found a huge runed gate.
 45291 | Crypt:2  | Found a huge runed gate.
 45292 | Crypt:2  | Found a huge runed gate.
 45294 | Crypt:2  | Found a huge runed gate.
 45294 | Crypt:2  | Found a huge runed gate.
 45295 | Crypt:2  | Found a huge runed gate.
 45296 | Crypt:2  | Found a huge runed gate.
 45305 | Crypt:2  | Found a huge runed gate.
 45306 | Crypt:2  | Found a huge runed gate.
 45307 | Crypt:2  | Found a huge runed gate.
 45418 | Crypt:2  | Found a huge runed gate.
 45418 | Crypt:2  | Found a huge runed gate.
 45418 | Crypt:2  | Found a huge runed gate.
 45418 | Crypt:2  | Found a huge runed gate.
 45418 | Crypt:2  | Found a huge runed gate.
 45418 | Crypt:2  | Found a huge runed gate.
 45421 | Crypt:2  | Found a huge runed gate.
 45421 | Crypt:2  | Found a huge runed gate.
 45421 | Crypt:2  | Found a huge runed gate.
 45422 | Crypt:2  | Found a huge runed gate.
 45423 | Crypt:2  | Found a huge runed gate.
 45424 | Crypt:2  | Found a huge runed gate.
 45425 | Crypt:2  | Found a huge runed gate.
 45426 | Crypt:2  | Found a huge runed gate.
 45427 | Crypt:2  | Found a huge runed gate.
 45435 | Crypt:2  | Found a huge runed gate.
 45435 | Crypt:2  | Found a huge runed gate.
 45435 | Crypt:2  | Found a huge runed gate.
 45557 | Crypt:2  | Noticed a dread lich
 45557 | Crypt:2  | Noticed a dread lich
 45558 | Crypt:2  | Noticed an ancient lich
 45566 | Crypt:2  | HP: 6/162 [ancient champion/+3 heavy battleaxe (15)]
 45566 | Crypt:2  | Slain by a spectral iron giant

Illustrated notes

Levels and vault maps discovered:
D:1:      matt_arrival_los_fun, layout_rooms, minmay_rat_gold_closets
D:2:      layout_basic, lightli_corner_chamber, uniq_jessica
D:3:      cheibrodos_helix_gallery, layout_basic, nicolae_tso_besieged_by_evil,
          dk_noncrumbling_4, uniq_robin
D:4:      layout_basic, lemuel_coloured_pillars_altar,
          mainiacjoe_overflow_concentric_impassable, uniq_eustachio
D:5:      layout_loops_ring, zin_statuary, minmay_temple_entry_offerings,
          mainiacjoe_ossuary_entry_dusty_tomb, serial_shops, shop, uniq_ijyb
D:6:      layout_basic
D:7:      layout_gridville, serial_shops, nicolae_diamond_shop, shop,
          nicolae_shop_crystal
D:8:      layout_cave_pools, jmf_multi_god_temple, uniq_maurice
D:9:      layout_irregular_city, lemuel_crystal_altar, serial_glass,
          glass_columns_a, glass_columns_a, serial_shops,
          nicolae_shop_dealshenge, grunt_ministairs_10, st_stairs_9,
          minmay_misc_feat_iff
D:10:     layout_loops_ring, lemuel_zombie_altar_yredelemnul,
          hellmonk_lair_entry_icy, minivault_19,
          hellmonk_guarded_unrand_dark_maul
D:11:     layout_basic, minmay_mirror_moons_of_madness, uniq_snorg
D:12:     layout_long_grid, serial_demonic, serial_demonic_g, serial_demonic_f,
          serial_demonic_e, serial_demonic_g, serial_demonic_f,
          portal_ice_cave_entry_animals_and_master, uniq_josephine
D:13:     evilmike_library_of_no_secrets, layout_irregular_city,
          chequers_hall_statues_y
D:14:     layout_cave_pools, ximxim_vaults_locker_room, serial_park_fountain,
          serial_shops, nicolae_shop_hallway_stairs, gammafunk_ghost_hydra_chop
D:15:     gammafunk_depths_entry_grave, layout_stronghold,
          amcnicky_mini_pool_small, uniq_rupert
Lair:1:   layout_regular_city, gauntlet_entry_generic, serial_bayou_shore_a
Lair:2:   layout_gridlike, nicolae_spider_entry_lesser_pyramids,
          lemuel_fruit_fields, serial_bayou_shore_b, grunt_megastairs_5,
          uniq_gastronok
Lair:3:   layout_concentric_octagons, swamp_mist, infiniplex_staircase_pool_2,
          uniq_urug
Lair:4:   layout_roguey, grunt_megastairs_1
Lair:5:   evilmike_catoblepas_cave, layout_cave_pods, dpeg_slime_entry_enclosed,
          pond
Swamp:1:  layout_falls_marsh, nicolae_swamp_well_well_well, swamp_pool2
Swamp:2:  layout_basic_swamp, gammafunk_ghost_wrathful_warriors,
          nicolae_swamp_little_swirl
Swamp:3:  layout_basic_swamp, nicolae_swamp_bean_lake, infiniplex_staircase_pool
Swamp:4:  swamp_vile, layout_basic_swamp
Spider:1: layout_chambers
Spider:2: layout_chambers, nicolae_spider_webbed_stairs
Spider:3: layout_spider_delve
Spider:4: hellmonk_spider_rune_endless_swarm, uniq_arachne
Orc:1:    layout_diamond_mine, serial_shops, nicolae_shop_getting_attention,
          nicolae_orc_rockfall, nicolae_orc_flooded_monolith,
          david_defended_altar_orc
Orc:2:    pubby_orc_utopia, serial_shops
Elf:1:    minmay_elf_arrival_plus, layout_geoelf_grid, minivault_28,
          minmay_shop_star
Elf:2:    elven_hall_of_blades_hangedman_original
          [nicolae_blade_entry_sentries_behind_glass], layout_loops_corners,
          orc_legates
Vaults:1: vaults_room_fancy_cross, nicolae_vaults_windows_and_doors_thing,
          vaults_room_door_ring, nicolae_vaults_trapezoid_4,
          nicolae_vaults_mini_display_case, layout_vaults_omnigrid
Vaults:2: nicolae_vaults_double_plus_2, ontoclasm_vaults_chip, v_misc_3,
          hangedman_vaults_nails, nicolae_vaults_two_Ls, v_rooms_5, v_misc_2,
          nicolae_vaults_closet_pinwheel_6, nicolae_vaults_variable_pillar_hall,
          nicolae_vaults_shock_wave, nicolae_vaults_variable_pillar_hall,
          layout_vaults_maze_bifur
Vaults:3: portal_desolation_entry_twin_temple, v_alt_pattern_1,
          nicolae_vaults_surprise_closet, nicolae_vaults_mitosis,
          minmay_crypt_entry_simple_sparse, nicolae_vaults_tetromino_Z_2,
          nicolae_vaults_prndl, nicolae_vaults_heart-shaped_vault,
          ontoclasm_vaults_loading_screen, nicolae_vaults_six-pack,
          layout_vaults_chaotic_city, serial_shops, shop, uniq_zenata,
          uniq_asterion
Vaults:4: nicolae_vaults_stepped_doors, nicolae_vaults_turnstiles, v_rooms_2,
          nicolae_vaults_trapezoid_lopsided_2, nicolae_vaults_six-pack,
          nicolae_vaults_yaktaur_gun_rack, hangedman_vaults_unwind,
          nicolae_vaults_diamond_2, nicolae_vaults_diamond_1,
          layout_vaults_ring, serial_shops, nicolae_diamond_shop
Vaults:5
Crypt:1:  layout_chaotic_city
Crypt:2:  layout_regular_city, minmay_misc_feat_cross, door_vault

Skill      XL: |  1  2  3  4  5  6  7  8  9 10 11 12 13 14 15 16 17 18 19 20 21 22 |
---------------+-------------------------------------------------------------------+-----
Stealth        | 1 3 4 5 6 7 11 12 14 16 18 19 21 22 24 25 | 25.5
Short Blades   | 4 5 6 8 9 10 12 13 14 15 16 17 | 17.1
Fighting       | 4 7 8 9 10 11 12 13 14 16 | 16.6
Dodging        | 3 6 7 8 9 11 12 14 15 16 17 18 19 | 19.2
Evocations     | 5 6 7 9 |  9.0
Shields        | 2 4 5 7 8 10 11 12 15 17 19 | 19.0
Spellcasting   | 3 4 |  4.4
Earth Magic    | 3 4 |  4.5
Transmutations | 3 4 |  4.7
Shapeshifting  | 7 |  7.2

Action                     |  1- 3 |  4- 6 |  7- 9 | 10-12 | 13-15 | 16-18 | 19-21 | 22-24 || total
---------------------------+-------+-------+-------+-------+-------+-------+-------+-------++-------
  Melee: Short sword       |    46 |    97 |   118 |    48 |       |       |       |       ||   309
         Constrict         |    11 |    35 |    25 |    68 |   132 |   225 |   143 |    50 ||   689
         Tentacles         |     9 |    24 |    30 |   124 |   386 |   484 |   463 |   199 ||  1719
         Punch             |     1 |     1 |       |     6 |    27 |    30 |    35 |    14 ||   114
         Dagger            |       |    15 |    15 |       |       |       |       |       ||    30
         Kick              |       |     4 |    46 |   173 |    11 |   795 |   720 |   326 ||  2075
         Quick blade       |       |       |       |   345 |  1310 |  1439 |  1248 |   467 ||  4809
         Bite              |       |       |       |       |       |       |    98 |   131 ||   229
  Evoke: Wand              |       |       |       |       |     3 |     3 |       |       ||     6
         Lightning rod     |       |       |       |       |       |     1 |       |     1 ||     2
    Use: Scroll            |     1 |       |    11 |     9 |     9 |     9 |     6 |     2 ||    47
         Potion            |       |       |     1 |     1 |     7 |     4 |     2 |       ||    15
   Stab: Sleeping          |     7 |     8 |    19 |    32 |    69 |    88 |    86 |     7 ||   316
         Distracted        |       |     1 |     1 |     3 |     8 |     8 |     6 |     4 ||    31
         Invisible         |       |     1 |       |       |       |       |     4 |       ||     5
         Paralysed         |       |       |       |     1 |     2 |       |       |       ||     3
         Confused          |       |       |       |     2 |     1 |     1 |    18 |       ||    22
         Petrifying        |       |       |       |       |     3 |       |     1 |       ||     4
         Held in net/web   |       |       |       |       |       |     1 |       |       ||     1
         Petrified         |       |       |       |       |       |       |     1 |       ||     1
 Armour: Skin              |     8 |    32 |    40 |    37 |    90 |   195 |   182 |    77 ||   661
  Dodge: Dodged            |    24 |    47 |    77 |   204 |   416 |   512 |   421 |   130 ||  1831
  Block: Buckler           |       |       |       |    20 |    60 |       |       |       ||    80
         Kite shield       |       |       |       |       |   260 |   459 |   434 |   111 ||  1264

Table legend: (Time is in decaauts)
 A = Elapsed time spent in this place.
 B = Non-inter-level travel time spent in this place.
 C = Inter-level travel time spent in this place.
 D = Time resting spent in this place.
 E = Time spent auto-exploring this place.
 F = Levels seen in this place.
 G = Mean time per level.
                   A        B        C        D        E       F      G
               +--------+--------+--------+--------+--------+-----+--------+
         Total |  44911 |  42642 |   2269 |  11462 |  23237 |  41 | 1095.4 |
       Dungeon |  19725 |  18822 |    903 |   8857 |   7653 |  15 | 1315.0 |
          Lair |   6150 |   5786 |    364 |    789 |   3903 |   5 | 1230.0 |
         Swamp |   2215 |   2086 |    129 |     67 |   1416 |   4 |  553.8 |
   Spider Nest |   4706 |   4369 |    337 |    220 |   3339 |   4 | 1176.5 |
  Orcish Mines |   2498 |   2254 |    244 |    328 |   1234 |   2 | 1249.0 |
   Elven Halls |   1430 |   1385 |     45 |    218 |    738 |   2 |  715.0 |
        Vaults |   5671 |   5428 |    243 |    288 |   3711 |   5 | 1134.2 |
         Crypt |   1373 |   1373 |      0 |    120 |    984 |   2 |  686.5 |
       Ossuary |    279 |    279 |      0 |     28 |    148 |   1 |  279.0 |
      Ice Cave |    859 |    859 |      0 |    545 |    110 |   1 |  859.0 |
               +--------+--------+--------+--------+--------+-----+--------+

Top non-repeatable levels by time:
     D:1: 8565 daAuts
   Orc:2: 1972 daAuts
  Lair:5: 1847 daAuts
Vaults:5: 1678 daAuts
Spider:4: 1370 daAuts
  Lair:3: 1339 daAuts
Spider:2: 1290 daAuts
Spider:1: 1201 daAuts
  Lair:2: 1185 daAuts
    D:10: 1179 daAuts
  Lair:1: 1099 daAuts
    D:13: 1095 daAuts
     D:2: 1061 daAuts
Vaults:3: 1052 daAuts
    D:15: 991 daAuts
